cohdb
Replays
Latest Replays
All Replays
Popular Replays
Top Player Replays
Match Explorer
How It Works
Community
CoH3 Stats
Reddit
Sign in to upload your games and track your stats! →
Sign in with Steam
Match 38602683
Unlisted
Match 38602683
Overview
Messages
Build Orders
End
Royal Engineer Section
Construct Section Command Post
Royal Engineer Section
Infantry Section
Dingo Light Scout Car
Infantry Section
Construct Platoon Command Post
Selects Air and Sea Battlegroup
Selects Supply Surplus
Construct Resource Cache
Infantry Section
6-pounder Anti-tank Gun Team
Construct Company Command Post
Selects Centaur Medium Tank
Crusader II Medium Tank
Foot Guards Section
Construct Field Infirmary
Royal Engineer Section
Centaur Medium Tank
Armored Vehicle Training
Infantry Training
Vickers Machine Gun Team
Selects Commando Section Paradrop
Selects Commando Support Section Paradrop
Centaur Medium Tank
只愛❤毛妹
yanshi2910199
0
0
Comments
sign in to comment!
No comments posted yet!